 Dungeon Crawl Stone Soup version 0.29.0-4-gdea44cf6ec (webtiles) character file.

Game seed: 4397300725611711086

28 qw the Chopper (level 3, 0/29 HPs)
             Began as a Barachi Chaos Knight on Sept 4, 2022.
             Slain by a hobgoblin (2 damage)
             ... led by Robin
             ... on level 2 of the Dungeon.
             The game lasted 00:00:19 (823 turns).

qw the Chopper (Barachi Chaos Knight)                Turns: 823, Time: 00:00:20

Health: 0/29       AC:  6    Str: 15    XL:     3   Next: 14%
Magic:  3/3        EV:  9    Int: 12    God:
Gold:   62         SH:  0    Dex: 11    Spells: 2/2 levels left

rFire   . . .      SeeInvis .   Y - +0 hand axe (chaos)
rCold   . . .      Faith    .   (no shield)
rNeg    . . .      Spirit   .   f - +0 scale mail
rPois   .          Reflect  .   (no helmet)
rElec   .          Harm     .   (no cloak)
rCorr   .          Rampage  .   (no gloves)
Will    .....                   (no boots)
Stlth   ..........              (no amulet)
HPRegen 0.09/turn               (no ring)
MPRegen 0.08/turn               (no ring)

@: slow
A: amphibious, slowness 1, strong legs 1, +LOS
a: Hop


You were on level 2 of the Dungeon.
You visited 1 branch of the dungeon, and saw 2 of its levels.

You collected 62 gold pieces.


Innate Abilities, Weirdness & Mutations

You are amphibious.
You cover ground slowly.
You can hop short distances.
You have an extended range of vision and can be seen from far away.


   Skills:
 - Level 3.6 Fighting
 + Level 4.6 Axes
 - Level 2.4 Armour
 - Level 1.1 Dodging


You had 2 spell levels left.
You didn't know any spells.
Your spell library was empty.

Inventory:

Hand Weapons
 i - a +0 club
 Y - a +0 hand axe of chaos (weapon)
Armour
 f - a +0 scale mail (worn)
Potions
 e - 2 potions of curing
 k - a potion of degeneration {unknown}
 l - a potion of flight {unknown}
Miscellaneous
 c - a piece from Xom's chessboard (15/15)

Dungeon Overview and Level Annotations

Branches:
Dungeon (2/15)

Altars:

Annotations:
D:2 Robin


Message History

You hit the hobgoblin.
You kill the hobgoblin!
You hit the goblin. You freeze the goblin.
You kill the goblin!
You hit the goblin. You freeze the goblin.
The goblin hits you with a +0 dagger. x2
You hit the goblin.
You kill the goblin!
You closely miss the hobgoblin. You barely miss the goblin.
The hobgoblin hits you but does no damage.
The goblin barely misses you.
You have reached level 3!
Your experience leads to an increase in your attributes!
Increase (S)trength, (I)ntelligence, or (D)exterity?
You feel stronger. x2
You barely miss the goblin.
The goblin is severely wounded.
You hit the hobgoblin. You burn the hobgoblin. You barely miss the goblin.
The hobgoblin barely misses you. The goblin hits you with a +0 club.
The goblin barely misses you.
You hit the goblin.
You kill the goblin!
You hit the hobgoblin.
You kill the hobgoblin!
You hit the goblin.
The goblin appears confused.
You hit the hobgoblin but do no damage.
The hobgoblin resists with some effort.
The hobgoblin barely misses you.
You strike the helpless goblin from behind!
You hit the goblin.
You kill the goblin!
You closely miss the hobgoblin. You hit the hobgoblin but do no damage.
The hobgoblin closely misses you. x2
You hit the hobgoblin but do no damage. You barely miss the hobgoblin.
The hobgoblin no longer looks unusually strong.
Robin hits you from afar with a +0 trident.
The hobgoblin hits you. The hobgoblin barely misses you.
You barely miss the hobgoblin. You closely miss the hobgoblin.
Robin closely misses you. The hobgoblin closely misses you.
The hobgoblin hits you.
You die...

####### ####### #.)@).#
#.....#####
####.)gg)####.###.#....
........g......###.#.##.
........##'##.........>#.
..####.# ...##......#..#.
. ## .....####.#.#..#.
g#...#. #.#.#..#.
g8.8.8.8. #.#.#<.#. .g
.g......###.##.#.


You could see Robin and 2 hobgoblins.

Vanquished Creatures
  A giant cockroach (D:1)
  7 goblins (D:2)
  6 hobgoblins
  3 jackals (D:1)
  2 kobolds (D:1)
  A quokka (D:1)
  A ball python (D:1)
21 creatures vanquished.

Notes
Turn   | Place    | Note
-------+----------+-------------------------------------------
     0 | D:1      | qw the Barachi Chaos Knight began the quest for the Orb.
     0 | D:1      | Reached XP level 1. HP: 18/18 MP: 1/1
     0 | D:1      | 0 ||| qw: Version: 0.1-a-102-g441f92d
     0 | D:1      | 0 ||| qw: Game counter: 5314
     0 | D:1      | 0 ||| qw: Always use a shield: true
     0 | D:1      | 0 ||| qw: God list: Okawaru
     0 | D:1      | 0 ||| qw: Allow faded altars: false
     0 | D:1      | 0 ||| qw: Do Orc after D:15 true
     0 | D:1      | 0 ||| qw: Do second Lair branch before Depths: true
     0 | D:1      | 0 ||| qw: Lair rune preference: random
     0 | D:1      | 0 ||| qw: Plans: Normal
     0 | D:1      | 0 ||| PLANNING D:1-11
     0 | D:1      | Fell from the grace of Xom
   280 | D:1      | 280 ||| Stepping ~*~*~tactically~*~*~ (stealth).
   292 | D:1      | Reached XP level 2. HP: 24/24 MP: 2/2
   312 | D:1      | Found a faded altar of an unknown god.
   326 | D:1      | Reached skill level 4 in Axes
   741 | D:1      | 741 ||| UPGRADING to +0 scale mail.
   751 | D:1      | 751 ||| DROPPING +2 leather armour.
   752 | D:1      | 752 ||| READING scroll labelled JOYTWO YLEUTH.
   753 | D:1      | 753 ||| READING scroll labelled KENIDGH LUOPP.
   754 | D:1      | 754 ||| READING scroll labelled POXTODGH DELIRA.
   755 | D:1      | 755 ||| READING 3 scrolls labelled HIGEOCKORA.
   756 | D:1      | 756 ||| DRINKING 3 fizzy green potions.
   757 | D:1      | 757 ||| DROPPING 2 scrolls of magic mapping.
   804 | D:2      | Noticed Robin
   807 | D:2      | 807 ||| Stepping ~*~*~tactically~*~*~ (hiding).
   810 | D:2      | 810 ||| Stepping ~*~*~tactically~*~*~ (hiding).
   816 | D:2      | HP: 4/24 [goblin/+0 dagger[Robin] (4)]
   818 | D:2      | Reached XP level 3. HP: 5/29 MP: 3/3
   822 | D:2      | HP: 2/29 [Robin/+0 trident (1)]
   823 | D:2      | Slain by a hobgoblin

Levels and vault maps discovered:
D:1:      dpeg_arrival_yet_another_circle, layout_loops_ring,
          chequers_ecumenical_altar_island
D:2:      layout_basic, minmay_misc_feat_plants, dk_noncrumbling_3, uniq_robin

Skill      XL: |  1  2 |
---------------+-------+-----
Axes           | 4 |  4.6
Fighting       | |  3.6
Armour         | |  2.4
Dodging        | |  1.1

Action                   || total
-------------------------++-------
Melee: Hand axe          ||    47
Invok: Renounce Religion ||     1
  Use: Scroll            ||     4
       Potion            ||     1
 Stab: Confused          ||     1
Armor: Leather armour    ||    13
       Scale mail        ||    11
Dodge: Dodged            ||    39

Table legend:
 A = Non-vault XP
 B = Vault XP
 C = Vault XP percentage of total XP
 D = Non-vault monster count
 E = Vault monster count
 F = Vault count percentage of total count
                 A         B        C        D         E       F
            +---------+---------+-------+---------+---------+-------
      Total |      21 |      20 |  48.8 |      11 |      10 |  47.6
            +---------+---------+-------+---------+---------+-------
        D:1 |      21 |       0 |   0.0 |      11 |       0 |   0.0
        D:2 |       0 |      20 | 100.0 |       0 |      10 | 100.0
            +---------+---------+-------+---------+---------+-------
